AoeStats
← sAvAgE

Nomad

510768840Analyzed
3v3 RM · 1d ago on Oct 2, 2026· 70m 22s· 6 players
Game mode
Random Map
Map size
210×210
Population
200
Speed
Normal
Resources
Standard
Victory
Conquest
Starting age
Dark Age
Ending age
Imperial Age
RankedLock teamsTeams togetherTeam positionsShared explorationLock speedFull tech treeHidden civsTurbo modeCheats
Victory
Defeat
🇵🇱 Khmer · Poland
1204
+14
🇧🇴 Malay · Bolivia
1137
+17
🇪🇸 Tatars · Spain
1110
+17
🇨🇳 Khmer · China
1166
-17
🇨🇦 Vietnamese · Canada
1150
-16
🇯🇵 Koreans · Japan
1135
-15
sAvAgE
4:51 Loom
14:29 Feudal Age
15:34 Double-Bit Axe
24:28 Castle Age
22:45 Fletching
24:14 Padded Archer Armor
25:03 Wheelbarrow
25:07 Bodkin Arrow
24:35 Crossbowman
26:11 Medium Warships
26:56 Bow Saw
27:21 Leather Archer Armor
28:24 Elite Skirmisher
33:09 Ballistics
33:00 Fishing Lines
33:57 Horse Collar
37:02 Thumb Ring
44:00 Imperial Age
43:44 Bloodlines
44:08 Husbandry
44:21 Forging
44:16 Scale Barding Armor
44:21 Arbalester
44:23 Imperial Skirmisher
46:21 Bracer
53:17 Elite Battle Elephant
59:04 Gold Mining
59:05 Stone Mining
65:16 Two-Man Saw
peace for the world
4:19 Loom
15:33 Feudal Age
16:06 Town Watch
16:13 Double-Bit Axe
16:22 Gold Mining
19:30 Castle Age
17:55 Fletching
20:15 Bodkin Arrow
22:29 Eupseong
23:30 Murder Holes
25:23 Ballistics
26:31 Treadmill Crane
29:58 Imperial Age
30:39 Bracer
30:33 Arrowslits
36:05 Chemistry
38:15 Masonry
40:21 Architecture
神采飞扬
6:04 Loom
16:55 Feudal Age
20:51 Castle Age
19:07 Double-Bit Axe
19:18 Fishing Lines
20:15 Gold Mining
20:06 Horse Collar
22:54 Husbandry
23:42 Gillnets
27:47 Wheelbarrow
29:52 Town Watch
31:52 Bow Saw
33:46 Hand Cart
34:37 Gold Shaft Mining
33:53 Stone Mining
35:28 Ballistics
38:22 Stone Shaft Mining
40:25 Imperial Age
39:46 Town Patrol
41:14 Double Crossbow
40:37 Heavy Scorpion
42:27 Chemistry
47:19 Siege Engineers
49:58 Capped Ram
52:27 Conscription
53:46 Siege Ram
56:47 Bloodlines
64:22 Elite Ballista Elephant
juanem92
15:58 Feudal Age
16:30 Double-Bit Axe
16:36 Horse Collar
21:16 Castle Age
20:51 Fletching
21:02 Padded Archer Armor
21:52 Gold Mining
24:24 Gold Shaft Mining
25:49 Ballistics
28:30 Bow Saw
35:24 Imperial Age
34:08 Bodkin Arrow
34:28 Leather Archer Armor
36:38 Bracer
37:08 Ring Archer Armor
37:48 Heavy Plow
41:02 Elite Keshik
41:48 Loom
42:39 Wheelbarrow
43:59 Chemistry
46:43 Heavy Cavalry Archer
50:06 Hand Cart
51:14 Town Watch
57:50 Bloodlines
57:41 Husbandry
57:01 Light Cavalry
58:22 Forging
58:12 Scale Mail Armor
58:18 Scale Barding Armor
58:49 Crop Rotation
59:01 Conscription
58:18 Hussar
65:27 Spies/Treason
70:40 Town Patrol
71:20 Iron Casting
70:45 Scale Mail Armor
71:06 Chain Barding Armor
71:16 Ring Archer Armor
70:15 Elite Steppe Lancer
kontakt
3:33 Loom
12:41 Feudal Age
16:42 Castle Age
17:10 Fletching
17:59 Crossbowman
18:30 Town Watch
23:26 Stone Mining
38:19 Imperial Age
36:11 Pikeman
38:26 Medium Warships
39:07 Forging
39:03 Scale Barding Armor
39:11 Double-Bit Axe
39:08 Horse Collar
39:50 Gold Mining
40:38 Wheelbarrow
39:38 Light Cavalry
40:19 Husbandry
40:30 Bloodlines
41:45 Iron Casting
43:04 Hussar
66:41 Hand Cart
68:10 Town Patrol
70:51 Bow Saw
Mob Psycho 100
14:53 Feudal Age
19:38 Castle Age
19:24 Loom
24:36 Fletching
25:33 Horse Collar
26:22 Crossbowman
28:14 Bodkin Arrow
29:05 Padded Archer Armor
29:54 Gold Mining
35:28 Imperial Age
33:40 Stone Mining
34:34 Leather Archer Armor
34:59 Bracer
40:29 Double-Bit Axe
42:09 Chemistry
41:29 Ballistics
41:59 Forging
44:28 Wheelbarrow
44:21 Squires
44:06 Arson
45:04 Arbalester
46:30 Ring Archer Armor
46:35 Capped Ram
48:18 Thumb Ring
49:08 Conscription
50:06 Iron Casting
50:02 Heavy Plow
50:19 Hand Cart
53:00 Gold Shaft Mining
57:58 Elite Karambit Warrior
61:19 Blast Furnace
69:13 Spies/Treason
Connection lost

Rejoining the realm…

Still unreachable

The connection could not be restored.

Session expired

The server has moved on; the page needs a fresh start.